 Dungeon Crawl Stone Soup version 0.26-a0-1126-g3318b609a0 (webtiles) character file.

Game seed: 7608340537784810919

128 kae the Insei (level 4, -6/36 (37) HPs)
             Began as a Demonspawn Monk on Dec 17, 2020.
             Mangled by Crazy Yiuf
             ... wielding a +4 quarterstaff of chaos
              (8 damage)
             ... on level 3 of the Dungeon.
             The game lasted 00:01:12 (3168 turns).

kae the Insei (Demonspawn Monk)                     Turns: 3168, Time: 00:01:12

HP:   -6/36 (37)    AC:  5    Str: 12    XL:     4   Next: 87%
MP:   1/4           EV: 14    Int: 12    God:
Gold: 240           SH:  0    Dex: 15    Spells: 3/3 levels left

rFire    . . .     SeeInvis .     - Unarmed
rCold    . . .     Faith    .   (no shield)
rNeg     . . .     Spirit   .   a - +0 robe
rPois    .         Reflect  .   (no helmet)
rElec    .         Harm     .   k - +0 cloak
rCorr    .         Rampage  .   (no gloves)
Will     .....                  (no boots)
Stlth    ++........             (no amulet)
HPRegen  0.12/turn              (no ring)
MPRegen  0.09/turn              (no ring)

@: lethally poisoned (-6 -> -12), slowed, lightly drained, very slow
A: claws 1, iridescent scales 1
a: no special abilities


You were on level 3 of the Dungeon.
You visited 1 branch of the dungeon, and saw 3 of its levels.

You collected 240 gold pieces.

Inventory:

Armour
 a - a +0 robe (worn)
 k - a +0 cloak (worn)
Scrolls
 b - 3 scrolls of remove curse {unknown}
 c - 4 scrolls of identify {unknown}
 d - 2 scrolls of enchant weapon {unknown}
 e - 2 scrolls of magic mapping {unknown}
 f - 2 scrolls of amnesia {unknown}
 i - a scroll of random uselessness {unknown}
 o - 3 scrolls of teleportation {unknown}
Potions
 g - a potion of flight {unknown}
 h - a potion of heal wounds {unknown}
 j - a potion of brilliance {unknown}
 l - a potion of degeneration {unknown}
 m - a potion of attraction {unknown}
 n - a potion of curing {unknown}
 p - a potion of mutation {unknown}


   Skills:
 + Level 3.7 Fighting
 + Level 3.4 Dodging
 - Level 1.9 Stealth
 * Level 4.0 Unarmed Combat


You had 3 spell levels left.
You didn't know any spells.
Your spell library was empty.

Dungeon Overview and Level Annotations

Branches:
Dungeon (3/15)

Altars:
Ashenzari
Elyvilon

Annotations:
D:3 Crazy Yiuf


Innate Abilities, Weirdness & Mutations

You have sharp fingernails.
You are partially covered in iridescent scales. (AC +2)


Message History

* * * LOW HITPOINT WARNING * * *
Crazy Yiuf burns you.
* * * LOW HITPOINT WARNING * * *
You barely miss Crazy Yiuf.
Crazy Yiuf is almost dead.
Crazy Yiuf hits you with a +4 quarterstaff of chaos.
* * * LOW HITPOINT WARNING * * *
You are lethally poisoned!
You barely miss Crazy Yiuf.
Crazy Yiuf is almost dead.
* * * LOW HITPOINT WARNING * * *
You feel sick.
Crazy Yiuf yells, "Peeping water Hive!"
Crazy Yiuf completely misses you.
You closely miss Crazy Yiuf.
Crazy Yiuf is almost dead.
* * * LOW HITPOINT WARNING * * *
You feel sick.
Crazy Yiuf hits you with a +4 quarterstaff of chaos!
You die...

...# #.#
#......+.........
...# #.#
#......#######...
..)############
######..# ####
...........# #..#
# ############
##### #..# #
#####.# #..)#
#..# # .....)#
#...# #..# #
##.##)# #.g.#
##.# #
#.##.###### #@#
#.# # #.#.......#
♣♣.♣ #.# #####
#.######### ♣.♣♣
#.# #.... ##.#
♣♣.♣ ##.#####.###
...# ♣.♣♣
#........# ####
♣♣.♣♣ #..#######
♣...♣♣ #.##
♣...)♣ #.# ##..##
#.#


You could see Crazy Yiuf.

Vanquished Creatures
  5 adders
  An adder skeleton (D:2)
  5 worms
  2 leopard geckos (D:1)
  An orc (D:3)
  A ball python (D:1)
  4 giant cockroaches
  9 goblins
  9 hobgoblins
  5 kobolds
  A quokka (D:2)
  8 bats
  4 frilled lizards
  8 rats
63 creatures vanquished.

Notes
Turn   | Place    | Note
-------+----------+-------------------------------------------
     0 | D:1      | kae the Demonspawn Monk began the quest for the Orb.
     0 | D:1      | Reached XP level 1. HP: 18/18 MP: 1/1
   205 | D:1      | Gained mutation: You are partially covered in iridescent
                  | scales. (AC +2) [demonic ancestry]
   205 | D:1      | Reached XP level 2. HP: 17/24 MP: 2/2
   296 | D:1      | Reached skill level 3 in Unarmed Combat
   438 | D:1      | Found a broken altar of Ashenzari.
   823 | D:2      | Gained mutation: You have sharp fingernails. [demonic
                  | ancestry]
   823 | D:2      | Reached XP level 3. HP: 29/29 MP: 3/3
  1278 | D:2      | Found a white marble altar of Elyvilon.
  1443 | D:2      | Reached XP level 4. HP: 30/35 MP: 4/4
  2484 | D:3      | Reached skill level 4 in Unarmed Combat
  2827 | D:3      | Found a runed translucent door.
  2828 | D:3      | Noticed Crazy Yiuf
  3168 | D:3      | Mangled by Crazy Yiuf

Illustrated notes

Levels and vault maps discovered:
D:1:      dpeg_arrival_rooms_b, layout_rooms, st_stairs_8,
          nicolae_ashenzari_panopticon
D:2:      layout_basic, elyvilon_altar_3
D:3:      layout_basic, uniq_crazy_yiuf_cottage

Skill      XL: |  1  2  3  4 |
---------------+-------------+-----
Unarmed Combat | 3 4 |  4.0
Dodging        | 3 |  3.4
Fighting       | |  3.7
Stealth        | |  1.9

Action                   |  1- 3 |  4- 6 || total
-------------------------+-------+-------++-------
Melee: Unarmed           |   141 |    98 ||   239
 Stab: Sleeping          |     8 |     7 ||    15
Armor: Robe              |    33 |    11 ||    44
Dodge: Dodged            |    87 |    53 ||   140

Table legend: (Time is in decaauts)
 A = Elapsed time spent in this place.
 B = Non-inter-level travel time spent in this place.
 C = Inter-level travel time spent in this place.
 D = Time resting spent in this place.
 E = Time spent auto-exploring this place.
 F = Levels seen in this place.
 G = Mean time per level.
                   A        B        C        D        E       F      G
               +--------+--------+--------+--------+--------+-----+--------+
         Total |   3152 |   3022 |    130 |     12 |   2555 |   3 | 1050.7 |
       Dungeon |   3152 |   3022 |    130 |     12 |   2555 |   3 | 1050.7 |
               +--------+--------+--------+--------+--------+-----+--------+

Top non-repeatable levels by time:
     D:2: 1193 daAuts
     D:3: 1142 daAuts
     D:1: 816 daAuts
